 Dungeon Crawl Stone Soup version 0.30-a0-743-gbfdf073431 (webtiles) character file.

Game seed: 13921423798449545056

2136 Dittersdorf the Covered (level 9, -4/57 HPs)
             Began as a Gargoyle Fighter on Feb 7, 2023.
             Was a Believer of Okawaru.
             Slain by a yak (5 damage)
             ... on level 7 of the Dungeon.
             The game lasted 00:08:16 (6979 turns).

Dittersdorf the Covered (Gargoyle Fighter)          Turns: 6979, Time: 00:08:16

Health: -4/57      AC: 19    Str: 25    XL:     9   Next: 30%
Magic:  9/9        EV:  8    Int:  8    God:    Okawaru [**....]
Gold:   447        SH:  5    Dex:  9    Spells: 8/8 levels left

rFire   . . .      SeeInvis .    u - +1 flail (holy)
rCold   . . .      Faith    +    c - +0 buckler
rNeg    + . .      Spirit   .    t - +0 chain mail
rPois   ∞          Reflect  .    m - +0 helmet
rElec   +          Harm     .    k - +0 cloak
rCorr   .          Rampage  .    (no gloves)
Will    .....                    (no boots) Stlth
                                 h - amulet of faith
HPRegen 0.29/turn                (no ring)
MPRegen 0.11/turn                (no ring)

@: no status effects
A: sickness immunity, AC +6, negative energy resistance 1, electricity
resistance, torment resistance 1, petrification resistance
a: Renounce Religion, Heroism


You were on level 7 of the Dungeon.
You worshipped Okawaru.
Okawaru was pleased with you.
You visited 2 branches of the dungeon, and saw 9 of its levels.

You collected 459 gold pieces.
You spent 12 gold pieces at shops.

Inventory:

Hand Weapons
 u - a +1 flail of holy wrath (weapon)
Missiles
 w - a curare-tipped dart (quivered)
Armour
 c - a +0 buckler (worn)
 k - a +0 cloak (worn)
 m - a +0 helmet (worn)
 t - a +0 chain mail (worn)
Jewellery
 h - an amulet of faith (around neck)
Wands
 l - a wand of flame (35)
 p - a wand of roots (6)
Scrolls
 b - 2 scrolls of fear
 g - a scroll of vulnerability {unknown}
 i - 2 scrolls of teleportation {unknown}
 n - 2 scrolls of fog {unknown}
 q - 2 scrolls of immolation {unknown}
 s - 2 scrolls of enchant weapon
Potions
 a - a potion of heal wounds
 d - a potion of might
 e - 2 potions of resistance
 f - 2 potions of mutation
 j - a potion of curing
 o - a potion of berserk rage
 r - a potion of brilliance


   Skills:
 + Level 7.3 Fighting
 + Level 6.3 Maces & Flails
 + Level 7.3 Armour
 + Level 7.3 Shields


You had 8 spell levels left.
You didn't know any spells.
Your spell library contained the following spells:

 Spells                   Type           Power      Damage    Failure   Level
 Magic Dart               Conj           0%         1d3       97%         1
 Gell's Gravitas          Tloc           0%         N/A       100%        3
 Mephitic Cloud           Conj/Pois/Air  0%         N/A       100%        3
 Ozocubu's Armour         Ice            0%         N/A       100%        3
 Portal Projectile        Hex/Tloc       0%         N/A       100%        3
 Teleport Other           Tloc           0%         N/A       100%        3
 Dispel Undead            Necr           0%         3d6       100%        4
 Blade Hands              Tmut           0%         N/A       100%        5
 Fireball                 Conj/Fire      0%         3d3       100%        5
 Iskenderun's Battlesphe  Conj           0%         2d6       100%        5
 Conjure Ball Lightning   Conj/Air       0%         3x3d6     100%        6
 Dispersal                Tloc           0%         N/A       100%        6
 Orb of Destruction       Conj           0%         9d5       100%        7
 Ozocubu's Refrigeration  Ice            0%         4d7       100%        7
 Summon Small Mammal      Summ           Unusable   N/A       N/A         1
 Call Imp                 Summ           Unusable   N/A       N/A         2
 Cigotuvi's Dreadful Rot  Necr/Pois/Air  Unusable   N/A       N/A         2
 Call Canine Familiar     Summ           Unusable   N/A       N/A         3
 Summon Guardian Golem    Hex/Summ       Unusable   N/A       N/A         3
 Tukima's Dance           Hex            Unusable   N/A       N/A         3
 Death Channel            Necr           Unusable   N/A       N/A         6

Dungeon Overview and Level Annotations

Branches:
Dungeon (8/15)             Temple (1/1) D:6
   Lair: D:8-11

Altars:
Ashenzari
Cheibriados
Dithmenos
Fedhas
Gozag
Kikubaaqudgha
Makhleb
Nemelex Xobeh
Okawaru
Qazlal
Ru
Sif Muna
Trog
Uskayaw
Vehumet
Wu Jian
Xom
Yredelemnul

Shops:
D:4 [   D:5 =![*

Annotations:
D:4 3 runed translucent doors, Palms's ghost, novice DrAE


Innate Abilities, Weirdness & Mutations

You are immune to sickness and miasma.
Your stone body is resilient. (AC +6)
You are immune to poison.
You resist negative energy. (rN+)
You are resistant to electric shocks. (rElec)
You are resistant to unholy torment.
You are immune to petrification.


Message History

There is a stone staircase leading down here.
You hit the yak.
The yak is lightly wounded.
The yak gores you!
You completely miss the yak.
The yak is lightly wounded.
The yak gores you!
You barely miss the yak.
The yak is lightly wounded.
The yak gores you!
You are too injured to fight recklessly!
You are too injured to fight recklessly!
You are too injured to fight recklessly!
You are too injured to fight recklessly!
You are too injured to fight recklessly!
You are too injured to fight recklessly!
You are too injured to fight recklessly!
You are too injured to fight recklessly!
You are too injured to fight recklessly!
You are too injured to fight recklessly!
You are too injured to fight recklessly!
You are too injured to fight recklessly!
You are too injured to fight recklessly!
You are too injured to fight recklessly!
You hit the yak but do no damage.
The yak is lightly wounded.
The yak gores you!
* * * LOW HITPOINT WARNING * * *
You barely miss the yak.
The yak is lightly wounded.
The yak gores you.
* * * LOW HITPOINT WARNING * * *
You hit the yak.
The yak is lightly wounded.
The yak gores you!
* * * LOW HITPOINT WARNING * * *
You sock the yak!
The yak is heavily wounded.
The yak closely misses you. The yak gores you.
You die...

####### ########## #.....#
#.........
####.....###########.........
#..'.....'...................
#.##.....###########........[
#.##.....# #..........
#.#################.#########
#.# #...Y@................
#.# #.###.####.#.#########
#.# #.# #.#..#.#.# #.#
#.###.#..#.#.# #.#
#.#......#.#.# #.#
#.#.#.#.##.#.# #.#
#.#.#.#....#.# #.#
#.#.#.######.######### #.#
#.#.#.### #..........


You could see a yak.

Vanquished Creatures
  Sigmund (D:4)
  A yak (D:7)
  Menkaure (D:7)
  A sky beast (D:7)
  2 ogres
  A centaur (D:7)
  2 phantoms (D:6)
  A kobold brigand (D:7)
  2 bullfrogs (D:7)
  A necrophage (D:5)
  A scorpion (D:4)
  5 wights
  An electric eel (D:6)
  A howler monkey (D:7)
  3 hounds
  A jelly (D:5)
  4 iguanas
  Ijyb (D:3)
  Natasha (thrice) (D:3)
  2 orc wizards (D:6)
  Robin (D:3)
  7 adders
  A shadow imp (D:7)
  A white imp (D:7)
  3 ufetubi
  2 worms
  4 dart slugs (D:1)
  5 orcs (D:6)
  6 ball pythons
  10 bats
  3 endoplasms
  A giant cockroach (D:1)
  14 goblins
  14 hobgoblins
  3 jackals (D:1)
  10 kobolds
  4 quokkas (D:1)
  A frilled lizard (D:3)
  8 rats
133 creatures vanquished.

Vanquished Creatures (others)
  A bat (D:1)
  3 fungi (D:4)
  A plant (D:4)
5 creatures vanquished.

Grand Total: 138 creatures vanquished

Notes
Turn   | Place    | Note
-------+----------+-------------------------------------------
     0 | D:1      | Dittersdorf the Gargoyle Fighter began the quest for the
                  | Orb.
     0 | D:1      | Reached XP level 1. HP: 14/14 MP: 1/1
    65 | D:1      | Reached XP level 2. HP: 9/19 MP: 2/2
   307 | D:1      | Reached XP level 3. HP: 12/23 MP: 3/3
  1034 | D:2      | Reached XP level 4. HP: 29/29 MP: 4/4
  1514 | D:3      | Noticed Robin
  1560 | D:3      | Killed Robin
  1561 | D:3      | Reached XP level 5. HP: 24/33 MP: 5/5
  1881 | D:3      | Noticed Ijyb
  1927 | D:3      | Killed Ijyb
  2190 | D:3      | Noticed Natasha
  2199 | D:3      | Killed Natasha
  2250 | D:3      | Noticed Natasha
  2256 | D:3      | Killed Natasha
  2350 | D:3      | Noticed Natasha
  2362 | D:3      | Killed Natasha
  2363 | D:3      | Reached XP level 6. HP: 20/39 MP: 6/6
  2598 | D:4      | Found Ceenny's Armour Boutique.
  2669 | D:4      | Found a runed translucent gate.
  2669 | D:4      | Found a runed translucent gate.
  2669 | D:4      | Found a runed translucent gate.
  2669 | D:4      | Noticed Palms's ghost (novice DrAE)
  2869 | D:4      | Noticed Sigmund
  2881 | D:4      | Killed Sigmund
  2882 | D:4      | Reached skill level 5 in Fighting
  2882 | D:4      | Reached skill level 5 in Armour
  2882 | D:4      | Reached skill level 5 in Shields
  2882 | D:4      | Reached XP level 7. HP: 33/44 MP: 7/7
  3397 | D:4      | Found a sacrificial altar of Ru.
  3900 | D:5      | Entered Level 5 of the Dungeon
  3900 | D:5      | Found Gotoj's Antique Armour Emporium.
  3932 | D:5      | Found Osutouf's Jewellery Shop.
  4004 | D:5      | Found a blossoming altar of Fedhas.
  4037 | D:5      | Found Izxauga's Distillery.
  4044 | D:5      | Bought a potion of degeneration for 12 gold pieces
  4078 | D:5      | Found Ocapti's Assorted Antiques.
  4242 | D:5      | Found a burning altar of Makhleb.
  4787 | D:6      | Found a staircase to the Ecumenical Temple.
  4793 | Temple   | Entered the Ecumenical Temple
  4834 | Temple   | Became a worshipper of Warmaster Okawaru
  4929 | D:5      | Reached XP level 8. HP: 26/51 MP: 8/8
  5163 | D:6      | Reached skill level 5 in Maces & Flails
  5265 | D:6      | Reached * piety under Okawaru
  5640 | D:6      | Found a basalt altar of Yredelemnul.
  5640 | D:6      | Found a hide-covered altar of Uskayaw.
  6315 | D:7      | Reached XP level 9. HP: 56/56 MP: 9/9
  6340 | D:7      | Noticed Menkaure
  6345 | D:7      | Killed Menkaure
  6345 | D:7      | Reached ** piety under Okawaru
  6978 | D:7      | HP: 1/57 [yak (11)]
  6979 | D:7      | Slain by a yak

Illustrated notes

Levels and vault maps discovered:
D:1:      nzn_arrival_settlement, layout_basic, minmay_misc_feat_pillars,
          kennysheep_nondescript
D:2:      layout_basic, nicolae_kite_square_tiling_tiny,
          minmay_misc_feat_enclosed, st_stairs_6
D:3:      layout_basic, st_stairs_11, uniq_natasha, uniq_robin, uniq_ijyb
D:4:      cheibrodos_greedy_goblins, layout_layer_cave,
          nicolae_ru_the_path_less_chosen, serial_shops,
          nicolae_shop_competitors_out_of_business,
          gammafunk_ghost_nasty_kobolds, uniq_sigmund
D:5:      layout_basic, mainiacjoe_overflow_alcove_4, fedhas_altar_1,
          serial_shops, shop_statue, shop, shop, nicolae_shop_stone,
          hangedman_abyss_or_decor_stagger, corexii_shack
D:6:      layout_rooms, gammafunk_temple_overflow_wave,
          minmay_temple_entry_ruins, kennysheep_diamond
D:7:      layout_basic, uniq_menkaure
D:8:      layout_loops_ring, minitemple, nicolae_wwwww, uniq_gastronok,
          uniq_erica
Temple:   nicolae_temple_god_jail

Skill      XL: |  1  2  3  4  5  6  7  8  9 |
---------------+----------------------------+-----
Fighting       | 4 5 6 7 |  7.3
Armour         | 4 5 6 7 |  7.3
Shields        | 4 5 6 7 |  7.3
Maces & Flails | 3 4 5 6 |  6.3

Action                     |  1- 3 |  4- 6 |  7- 9 || total
---------------------------+-------+-------+-------++-------
  Melee: Flail             |   112 |   202 |   267 ||   581
    Use: Scroll            |       |     6 |     4 ||    10
 Armour: Scale mail        |    85 |   136 |     9 ||   230
         Chain mail        |       |       |   205 ||   205
  Dodge: Dodged            |    71 |   106 |    98 ||   275
  Block: Buckler           |    31 |    55 |    65 ||   151

Table legend: (Time is in decaauts)
 A = Elapsed time spent in this place.
 B = Non-inter-level travel time spent in this place.
 C = Inter-level travel time spent in this place.
 D = Time resting spent in this place.
 E = Time spent auto-exploring this place.
 F = Levels seen in this place.
 G = Mean time per level.
                   A        B        C        D        E       F      G
               +--------+--------+--------+--------+--------+-----+--------+
         Total |   7125 |   6798 |    327 |    764 |   4704 |   9 |  791.7 |
       Dungeon |   7069 |   6761 |    308 |    764 |   4680 |   8 |  883.6 |
        Temple |     55 |     36 |     19 |      0 |     24 |   1 |   55.0 |
               +--------+--------+--------+--------+--------+-----+--------+

Top non-repeatable levels by time:
     D:4: 1474 daAuts
     D:7: 1180 daAuts
     D:3: 1078 daAuts
     D:5: 965 daAuts
     D:6: 876 daAuts
     D:1: 872 daAuts
     D:2: 603 daAuts
  Temple: 55 daAuts
     D:8: 18 daAuts
